 Dungeon Crawl Stone Soup version 0.30-a0-782-ge64f9170bb (webtiles) character file.

Game seed: 6750729772477519545

118 Majang the Conjurer (level 5, -3/29 HPs)
             Began as a Tengu Conjurer on Feb 26, 2023.
             Killed by divine providence
             ... invoked by an orc priest
              (9 damage)
             ... on level 3 of the Dungeon.
             The game lasted 00:05:30 (2142 turns).

Majang the Conjurer (Tengu Conjurer)                Turns: 2142, Time: 00:05:31

Health: -3/29      AC:  2    Str:  8    XL:     5   Next: 2%
Magic:  1/10       EV: 15    Int: 20    God:
Gold:   119        SH:  0    Dex: 12    Spells: 7/10 levels left

rFire   . . .      SeeInvis .    n - +0 quarterstaff
rCold   . . .      Faith    .    (shield currently unavailable)
rNeg    . . .      Spirit   .    a - +0 robe
rPois   +          Reflect  .    (helmet restricted)
rElec   .          Harm     .    (no cloak)
rCorr   .          Rampage  .    (no gloves)
Will    +....                    (boots unavailable)
Stlth   ++                       (no amulet)
HPRegen 0.24/turn                g - ring of poison resistance
MPRegen 0.12/turn                m - ring of willpower

@: flying quickly and evasively, quick
A: beak, talons 3, nimble flight
a: no special abilities


You were on level 3 of the Dungeon.
You visited 1 branch of the dungeon, and saw 3 of its levels.

You collected 119 gold pieces.

Inventory:

Hand Weapons
 c - a +0 dagger
 n - a +0 quarterstaff (weapon)
Armour
 a - a +0 robe (worn)
Jewellery
 g - a ring of poison resistance (left hand)
 m - a ring of willpower (right hand)
Scrolls
 d - a scroll of silence {unknown}
 e - a scroll of teleportation {unknown}
 h - a scroll of fog {unknown}
 i - a scroll of vulnerability {unknown}
 k - a scroll of poison {unknown}
 o - a scroll of amnesia {unknown}
Potions
 b - a potion of magic
 f - a potion of curing
 j - a potion of ambrosia {unknown}
 l - a potion of degeneration {unknown}
 p - 2 potions of brilliance {unknown}


   Skills:
 + Level 1.6 Fighting
 + Level 0.8 Staves
 + Level 3.0 Dodging
 - Level 2.0 Stealth
 * Level 3.2 Spellcasting
 + Level 6.0 Conjurations


You had 7 spell levels left.
You knew the following spells:

 Your Spells              Type           Power      Damage    Failure   Level
d - Magic Dart            Conj           100%       1d8       1%          1
r - Searing Ray           Conj           54%        2d6       1%          2

Your spell library contained the following spells:

 Spells                   Type           Power      Damage    Failure   Level
 Dazzling Flash           Conj/Hex       30%        N/A       12%         3
 Fulminant Prism          Conj/Hex       7%         3d7       38%         4
 Iskenderun's Mystic Bla  Conj/Tloc      15%        2d5       38%         4


Dungeon Overview and Level Annotations

Branches:
Dungeon (3/15)

Altars:
Trog


Innate Abilities, Weirdness & Mutations

You have a beak for a mouth.
You have claws for feet.
Your magical nature lets you fly swiftly and evasively.


Message History

The searing ray hits the orc!
You kill the orc!
A ball python comes into view.
The orc priest invokes the aid of Beogh against you.
Beogh smites you!
* * * LOW HITPOINT WARNING * * *
The orc completely misses you.
The searing ray hits the orc!
You kill the orc!
The searing ray hits the orc priest.
You kill the orc priest!
The searing ray hits the orc!
You kill the orc!
You finish channelling your searing ray.
A rat comes into view.
Your Dodging skill increases to level 3!
You have reached level 5!
Your magical nature develops, letting you fly swiftly and evasively.
It was a potion of curing.
You feel better.
Casting: Searing Ray (safe; 1% risk of failure)
Confirm with . or Enter, or press ? or * to list all spells.
Aiming: Searing Ray (safe; 1% risk of failure)
Press: ? - help, Shift-Dir - straight line, f - orc priest
Aim: an orc priest, wielding a +0 hand axe (79% to hit)
The searing ray misses the orc priest.
The searing ray hits the ball python.
You kill the ball python! (Press . to maintain the ray.)
Your Conjurations skill increases to level 6!
The searing ray misses the orc priest.
The orc priest barely misses you.
The searing ray hits the orc priest!
The orc priest is heavily wounded.
The searing ray hits the rat.
You kill the rat!
The orc priest mumbles some strange prayers to Beogh against you.
Beogh smites you!
* * * LOW HITPOINT WARNING * * *
Without enough magic to sustain it, your searing ray dissipates.
The orc priest invokes the aid of Beogh against you.
Beogh smites you!
You die...

##.#...###
#.#...#
#.##### #.#
#.# #.# #>#
##..######
#.#
...)).o@.#
#.#
##..####.#
#.# #.# #.#
#.# #.# #.#
#.#
#.#######.#
#.........#
###########


You could see an orc priest.

Vanquished Creatures
  An orc priest (D:3)
  3 adders (D:2)
  3 dart slugs
  3 orcs (D:3)
  3 endoplasms
  5 giant cockroaches
  6 hobgoblins
  3 quokkas (D:2)
  5 ball pythons
  3 bats (D:2)
  2 frilled lizards (D:2)
  A goblin (D:2)
  7 kobolds
  6 rats
51 creatures vanquished.

Notes
Turn   | Place    | Note
-------+----------+-------------------------------------------
     0 | D:1      | Majang the Tengu Conjurer began the quest for the Orb.
     0 | D:1      | Reached XP level 1. HP: 10/10 MP: 4/4
   314 | D:1      | Reached XP level 2. HP: 16/16 MP: 4/6
   319 | D:1      | Learned a level 2 spell: Searing Ray
   898 | D:2      | Reached XP level 3. HP: 20/20 MP: 2/7
  1052 | D:2      | Reached skill level 1 in Fighting
  1124 | D:2      | Found a bloodstained altar of Trog.
  1348 | D:2      | Reached XP level 4. HP: 21/25 MP: 4/9
  1789 | D:2      | Found a faded altar of an unknown god.
  2138 | D:3      | Gained mutation: Your magical nature lets you fly swiftly
                  | and evasively. [Tengu growth]
  2138 | D:3      | Reached XP level 5. HP: 7/29 MP: 4/10
  2140 | D:3      | Reached skill level 6 in Conjurations
  2142 | D:3      | Killed from afar by an orc priest

Illustrated notes

Levels and vault maps discovered:
D:1:      wheals_arrival_linesprint, layout_rooms, minmay_hexomino_u4
D:2:      layout_loops_cross, nicolae_ecumenical_oubliette, basic_altar,
          minmay_3d_cube
D:3:      layout_loops_ring, trog_wizard, serial_shops, shop, uniq_natasha

Skill      XL: |  1  2  3  4  5 |
---------------+----------------+-----
Fighting       | 1 |  1.6
Spellcasting   | 3 |  3.2
Dodging        | 3 |  3.0
Conjurations   | 6 |  6.0
Staves         | |  0.8
Stealth        | |  2.0

Action                     |  1- 3 |  4- 6 || total
---------------------------+-------+-------++-------
  Melee: Quarterstaff      |       |     1 ||     1
   Cast: Magic Dart        |    71 |    26 ||    97
         Searing Ray       |       |     2 ||     2
    Use: Potion            |       |     1 ||     1
   Stab: Distracted        |       |     1 ||     1
 Armour: Robe              |       |     2 ||     2
  Dodge: Dodged            |     7 |     4 ||    11

Table legend: (Time is in decaauts)
 A = Elapsed time spent in this place.
 B = Non-inter-level travel time spent in this place.
 C = Inter-level travel time spent in this place.
 D = Time resting spent in this place.
 E = Time spent auto-exploring this place.
 F = Levels seen in this place.
 G = Mean time per level.
                   A        B        C        D        E       F      G
               +--------+--------+--------+--------+--------+-----+--------+
         Total |   2139 |   2129 |     10 |    684 |   1202 |   3 |  713.0 |
       Dungeon |   2139 |   2129 |     10 |    684 |   1202 |   3 |  713.0 |
               +--------+--------+--------+--------+--------+-----+--------+

Top non-repeatable levels by time:
     D:2: 1073 daAuts
     D:1: 889 daAuts
     D:3: 177 daAuts
